 Dungeon Crawl Stone Soup version 0.30-a0-465-g8901f6c8b5 (webtiles) character file.

Game seed: 680636726817279138

1142 kurumiz the Spear-Bearer (level 8, -1/70 HPs)
             Began as a Minotaur Berserker on Dec 19, 2022.
             Was a Priest of Trog.
             Succumbed to a hornet's poison
             ... on level 7 of the Dungeon.
             The game lasted 00:10:37 (5214 turns).

kurumiz the Spear-Bearer (Minotaur Berserker)       Turns: 5214, Time: 00:10:37

Health: -1/70      AC:  3    Str: 24    XL:     8   Next: 15%
Magic:  7/7        EV: 14    Int:  4    God:    Trog [***...]
Gold:   285        SH:  0    Dex: 16    Spells: 7/7 levels left

rFire   . . .      SeeInvis .    y - +0 scythe
rCold   . . .      Faith    .    (shield currently unavailable)
rNeg    . . .      Spirit   .    L - +1 robe of Rationality {Slay+3}
rPois   .          Reflect  .    (helmet restricted)
rElec   .          Harm     .    (no cloak)
rCorr   .          Rampage  .    (no gloves)
Will    .....                    (no boots)
Stlth   ++........               m - amulet of magic regeneration
HPRegen 0.31/turn                l - +6 ring of dexterity
MPRegen 0.50/turn                (no ring)

@: lethally poisoned (-1 -> -11), slowed, very slow
A: horns 2, retaliatory headbutt
a: Renounce Religion, Berserk, Trog's Hand


You were on level 7 of the Dungeon.
You worshipped Trog.
Trog was most pleased with you.
You visited 1 branch of the dungeon, and saw 7 of its levels.

You collected 285 gold pieces.

Inventory:

Hand Weapons
 a - a +1 spear
 y - a +0 scythe (weapon)
Missiles
 E - 2 poisoned darts (quivered)
 N - a curare-tipped dart
Armour
 b - a +0 animal skin
 L - the +1 robe of Rationality (worn) {Slay+3}
   (You found it on level 6 of the Dungeon)

   Slay:      It affects your accuracy & damage with ranged weapons and melee
   (+3).
Magical Staves
 D - a staff of poison
Jewellery
 k - a ring of fire
 l - a +6 ring of dexterity (left hand)
 m - an amulet of magic regeneration (around neck)
 C - a ring of resist corrosion
 I - a +6 ring of intelligence
 K - an amulet of faith
Wands
 B - a wand of acid (10)
 J - a wand of flame (18)
Scrolls
 c - a scroll of enchant weapon
 d - 3 scrolls of vulnerability
 f - a scroll of fog {unknown}
 h - a scroll of torment
 i - 8 scrolls of identify
 j - 2 scrolls of poison
 p - a scroll of amnesia {unknown}
 q - a scroll of fear {unknown}
 r - 2 scrolls of noise {unknown}
 t - a scroll of immolation {unknown}
 u - a scroll of enchant armour {unknown}
 G - a scroll of summoning {unknown}
 H - a scroll of teleportation {unknown}
 O - a scroll of magic mapping {unknown}
Potions
 e - a potion of cancellation
 g - a potion of flight
 n - a potion of invisibility
 o - a potion of lignification
 s - a potion of heal wounds
 v - 4 potions of haste {unknown}
 w - 2 potions of curing
 x - a potion of might {unknown}
 z - a potion of mutation {unknown}
 A - a potion of berserk rage {unknown}
 F - a potion of resistance {unknown}
 M - a potion of degeneration {unknown}


   Skills:
 + Level 6.2 Fighting
 + Level 8.9 Polearms
 + Level 2.9 Armour
 + Level 4.5 Dodging
 + Level 3.1 Stealth


You had 7 spell levels left.
You didn't know any spells.
Your spell library was empty.

Dungeon Overview and Level Annotations

Branches:
Dungeon (7/15)
 Temple: D:4-7

Altars:
Cheibriados

Shops:
D:3 [


Innate Abilities, Weirdness & Mutations

You have a pair of horns on your head.
You reflexively headbutt those who attack you in melee.


Message History

The howler monkey howls!
Your Stealth skill increases to level 3!
You reach to attack!
You closely miss the howler monkey. You barely miss the howler monkey.
Your headbutt misses the howler monkey. The howler monkey closely misses you.
You closely miss the howler monkey. The howler monkey barely misses you.
The howler monkey hoots and howls with incredible vigour!
You hear an angry buzzing noise.
You puncture the howler monkey!
The howler monkey is severely wounded.
The howler monkey barely misses you.
A hornet comes into view.
You puncture the howler monkey! You headbutt the howler monkey.
You kill the howler monkey!
Trog accepts your kill.
You slice the howler monkey!!
You kill the howler monkey!
Trog accepts your kill.
You reach to attack!
You slash the hornet!
The hornet is moderately wounded.
The hornet stings you!
You are poisoned.
You feel yourself slow down.
You slash the hornet!
The hornet is severely wounded.
You feel yourself speed up.
You feel very sick. The hornet stings you!
You suddenly lose the ability to move!
The hornet stings you but does no damage.
You feel sick. The hornet stings you!
You are more poisoned.
You feel yourself slow down. The hornet stings you!
* * * LOW HITPOINT WARNING * * *
You feel as though you will be slow longer.
You feel very sick. The hornet stings you!
* * * LOW HITPOINT WARNING * * *
You feel as though you will be slow longer.
You can move again.
You die...

#.. ###+### #.# #.....#
#.# ..... #.# ... #.# #'#
#.# #@# ########.# #y#
#.....##.# #.# #.....##.#
#.# #.........
#.###########.##.#
#..............#..
#########......###
###########...............
#....................#.#.#


You could see a hornet.

Vanquished Creatures
  Sigmund (D:5)
  Eustachio (D:4)
  A black bear (D:6)
  An ogre (D:3)
  A kobold brigand (D:6)
  A necrophage (D:5)
  A scorpion (D:5)
  4 howler monkeys
  2 hounds
  An iguana (D:5)
  An orc wizard (D:6)
  10 adders
  2 ufetubi
  2 worms
  5 dart slugs
  12 orcs
  5 ball pythons
  11 endoplasms
  2 giant cockroaches
  9 goblins
  10 hobgoblins
  2 jackals (D:4)
  2 quokkas
  5 bats
  6 frilled lizards
  12 kobolds
  5 rats
115 creatures vanquished.

Notes
Turn   | Place    | Note
-------+----------+-------------------------------------------
     0 | D:1      | kurumiz the Minotaur Berserker began the quest for the Orb.
     0 | D:1      | Reached XP level 1. HP: 19/19 MP: 0/0
   107 | D:1      | Reached XP level 2. HP: 26/27 MP: 1/1
   122 | D:1      | Reached skill level 4 in Polearms
   418 | D:1      | Reached ** piety under Trog
   633 | D:1      | Reached XP level 3. HP: 33/34 MP: 2/2
  1505 | D:2      | Reached XP level 4. HP: 41/41 MP: 3/3
  1899 | D:3      | Found Noeshugi's Armour Shop.
  1970 | D:3      | Reached skill level 5 in Fighting
  2119 | D:4      | Noticed an ogre
  2135 | D:3      | Killed an ogre
  2136 | D:3      | Reached skill level 5 in Polearms
  2136 | D:3      | Reached skill level 1 in Stealth
  2136 | D:3      | Reached XP level 5. HP: 20/48 MP: 4/4
  2502 | D:4      | Found the +8 whip "Snakebite" {venom, curare, rPois}
  2591 | D:4      | Reached *** piety under Trog
  2734 | D:4      | Noticed Eustachio
  2751 | D:4      | Killed Eustachio
  2752 | D:4      | Reached skill level 6 in Polearms
  2752 | D:4      | Reached XP level 6. HP: 56/56 MP: 5/5
  2952 | D:5      | Entered Level 5 of the Dungeon
  3082 | D:5      | Noticed Sigmund
  3225 | D:5      | Killed Sigmund
  3226 | D:5      | Reached skill level 7 in Polearms
  3226 | D:5      | Reached XP level 7. HP: 62/62 MP: 6/6
  4053 | D:6      | Reached skill level 8 in Polearms
  4394 | D:6      | Found a snail-covered altar of Cheibriados.
  4672 | D:6      | Identified the +1 robe of Rationality {Slay+3}
  4695 | D:6      | Reached XP level 8. HP: 55/70 MP: 7/7
  5207 | D:7      | Noticed a hornet
  5211 | D:7      | Paralysed by a hornet for 3 turns
  5213 | D:7      | HP: 2/70 [hornet (13)]
  5214 | D:7      | Succumbed to a hornet's poison

Illustrated notes

Levels and vault maps discovered:
D:1:      dpeg_arrival_ternary, layout_basic, minmay_cupped
D:2:      layout_basic
D:3:      layout_rooms, serial_shops, nicolae_shop_hallway_plus,
          minmay_misc_feat_tower
D:4:      layout_loops_ring, minmay_unequal, uniq_eustachio
D:5:      layout_gridville, uniq_sigmund
D:6:      layout_loops_corners, kennysheep_little_box,
          minmay_misc_feat_nine_boxes
D:7:      layout_basic, gammafunk_temple_overflow_elements,
          mainiacjoe_overflow_24_doors, minmay_temple_entry_ruins

Skill      XL: |  1  2  3  4  5  6  7  8 |
---------------+-------------------------+-----
Fighting       | 4 5 6 |  6.2
Polearms       | 4 5 6 7 8 |  8.9
Stealth        | 1 2 3 |  3.1
Dodging        | 3 4 |  4.5
Armour         | |  2.9

Action                   |  1- 3 |  4- 6 |  7- 9 || total
-------------------------+-------+-------+-------++-------
Melee: Spear             |    87 |   138 |     1 ||   226
       Headbutt          |     9 |    15 |    10 ||    34
       Punch             |     1 |       |       ||     1
       Halberd           |       |       |    65 ||    65
Invok: Berserk           |       |     3 |       ||     3
  Use: Scroll            |       |     5 |       ||     5
       Potion            |       |     4 |       ||     4
 Stab: Sleeping          |     1 |     1 |     2 ||     4
Armor: Animal skin       |     9 |    13 |     3 ||    25
       Robe              |       |       |     1 ||     1
Dodge: Dodged            |    21 |    57 |    27 ||   105

Table legend: (Time is in decaauts)
 A = Elapsed time spent in this place.
 B = Non-inter-level travel time spent in this place.
 C = Inter-level travel time spent in this place.
 D = Time resting spent in this place.
 E = Time spent auto-exploring this place.
 F = Levels seen in this place.
 G = Mean time per level.
                   A        B        C        D        E       F      G
               +--------+--------+--------+--------+--------+-----+--------+
         Total |   5220 |   5034 |    186 |      0 |   4119 |   7 |  745.7 |
       Dungeon |   5220 |   5034 |    186 |      0 |   4119 |   7 |  745.7 |
               +--------+--------+--------+--------+--------+-----+--------+

Top non-repeatable levels by time:
     D:5: 1075 daAuts
     D:6: 1037 daAuts
     D:1: 804 daAuts
     D:2: 803 daAuts
     D:4: 732 daAuts
     D:3: 623 daAuts
     D:7: 143 daAuts
